 Dungeon Crawl Stone Soup version 0.28.0-1-gb440e238dd (webtiles) character file.

Game seed: 2332753048688540748

63 Ablot the Grasshopper (level 4, -2/38 HPs)
             Began as a Gnoll Warper on Feb 26, 2022.
             Slain by a black bear (8 damage)
             ... on level 2 of the Dungeon.
             The game lasted 00:02:14 (1934 turns).

Ablot the Grasshopper (Gnoll Warper)                Turns: 1934, Time: 00:02:15

Health: -2/38      AC:  5    Str: 12    XL:     4   Next: 10%
Magic:  11/11      EV: 11    Int: 13    God:
Gold:   70         SH:  0    Dex: 11    Spells: 11/13 levels left

rFire   . . .      SeeInvis .   a - +0 spear
rCold   + . .      Faith    .   (no shield)
rNeg    . . .      Spirit   .   b - +0 ring mail {rC+}
rPois   .          Reflect  .   (no helmet)
rElec   .          Harm     .   (no cloak)
rCorr   .          Rampage  .   (no gloves)
Will    .....                   (no boots)
Stlth   +.........              e - amulet of magic regeneration
HPRegen 0.12/turn               (no ring)
MPRegen 0.52/turn               (no ring)

@: on blink cooldown
A: fangs 1, strong nose, distributed training
a: no special abilities


You were on level 2 of the Dungeon.
You visited 1 branch of the dungeon, and saw 2 of its levels.

You collected 70 gold pieces.

Inventory:

Hand Weapons
 a - a +0 spear (weapon)
Missiles
 f - 33 arrows
 h - 27 stones (quivered)
Armour
 b - a +0 ring mail of cold resistance (worn)
Jewellery
 e - an amulet of magic regeneration (around neck)
Scrolls
 c - 2 scrolls of blinking
 j - a scroll of identify {unknown}
 k - a scroll of enchant armour {unknown}
Potions
 g - a potion of ambrosia {unknown}
 i - a potion of lignification {unknown}


   Skills:
 + Level 4.6 Fighting
 + Level 1.0 Short Blades
 + Level 1.0 Long Blades
 + Level 1.0 Axes
 + Level 1.0 Maces & Flails
 + Level 4.6 Polearms
 + Level 1.0 Staves
 + Level 1.0 Slings
 + Level 1.0 Bows
 + Level 1.0 Crossbows
 + Level 2.7 Throwing
 + Level 2.7 Armour
 + Level 4.6 Dodging
 + Level 1.0 Stealth
 + Level 1.0 Shields
 + Level 1.0 Unarmed Combat
 + Level 5.0 Spellcasting
 + Level 0.8 Conjurations
 + Level 0.8 Hexes
 + Level 0.8 Summonings
 + Level 0.8 Necromancy
 + Level 5.4 Translocations
 + Level 0.8 Transmutations
 + Level 0.8 Fire Magic
 + Level 0.8 Ice Magic
 + Level 0.8 Air Magic
 + Level 0.8 Earth Magic
 + Level 0.8 Poison Magic
 + Level 1.1 Invocations
 + Level 1.0 Evocations


You had 11 spell levels left.
You knew the following spells:

 Your Spells              Type           Power      Damage    Failure   Level
a - Blink                 Tloc           34%        N/A       7%          2

Your spell library contained the following spells:

 Spells                   Type           Power      Damage    Failure   Level
 Gell's Gravitas          Tloc           17%        N/A       13%         3
 Lesser Beckoning         Tloc           17%        N/A       13%         3
 Teleport Other           Tloc           17%        N/A       13%         3
 Manifold Assault         Tloc           17%        N/A       77%         5


Dungeon Overview and Level Annotations

Branches:
Dungeon (2/15)

Altars:
Dithmenos


Innate Abilities, Weirdness & Mutations

You have very sharp teeth.
Your uncanny sense of smell can sniff out nearby items.
Your experience applies equally to all skills.


Message History

You throw a boomerang of dispersal.
The boomerang of dispersal hits the black bear.
The black bear blinks!
You feel stable enough to blink again.
Throw: 2 boomerangs (disperse)
Press: ? - help, Q - select action, (/) - cycle Shift-Dir - straight line, f/p - black bear
Aim: a black bear (severely wounded, 67% to hit)
You throw a boomerang of dispersal.
The boomerang of dispersal barely misses the black bear.
Unknown command.
Throw: boomerang (disperse)
Press: ? - help, Q - select action, (/) - cycle Shift-Dir - straight line, f/p - black bear
Aim: a black bear (severely wounded, 67% to hit)
You throw a boomerang of dispersal.
The boomerang of dispersal barely misses the black bear.
The black bear bites you but does no damage.
The black bear claws you but does no damage. x2
Casting: Blink (safe; 7% risk of failure)
Confirm with . or Enter, or press ? or * to list all spells.
You blink.
Reach: a) +0 spear
Press: ? - help, Dir - move target, f/p - black bear
Aim: a black bear (severely wounded, about 30% to evade your +0 spear)
You reach to attack!
You hit the black bear.
The black bear is severely wounded.
The black bear goes berserk!
Unknown command.
Reach: a) +0 spear
Press: ? - help, Dir - move target, f/p - black bear
Aim: a black bear (severely wounded, berserk, about 30% to evade your +0 spear)
You reach to attack!
You barely miss the black bear.
The black bear is severely wounded.
Unknown command.
The black bear bites you.
* * * LOW HITPOINT WARNING * * *
The black bear closely misses you. The black bear claws you.
* * * LOW HITPOINT WARNING * * *
Unknown command.
The black bear bites you!
You die...

#....#..##........####.##########
#...†...##....##................#
#...†..#...........###..#........
#.#.#.###...####..## ##.#.#####.#
..#..#####..####..#####.#.# #.#
......#.#.#.#......>....#.# #.#
.........##....#..####...#.####.#
#....##.....>#..h.# #..###.....#
#.#.###........#@## ##..#.####.#
.#..###.......##.# #.#.## #.#
###..##.†._...##.# #.#.# #.#
.#...###.....###.# #.#.# #.#
.............# #.# #.#.#####.#
###............... ...........
####.##########. #.#######.. #.#
. ..#.......# #.#
#########.#######


You could see a black bear (berserk).

Vanquished Creatures
  2 adders (D:2)
  A worm (D:2)
  5 bats
  2 endoplasms
  4 giant cockroaches
  4 goblins
  2 hobgoblins (D:1)
  4 kobolds
  2 quokkas
  6 ball pythons
  2 frilled lizards (D:2)
  5 rats
39 creatures vanquished.

Notes
Turn   | Place    | Note
-------+----------+-------------------------------------------
     0 | D:1      | Ablot the Gnoll Warper began the quest for the Orb.
     0 | D:1      | Reached XP level 1. HP: 20/20 MP: 6/6
    90 | D:1      | Reached XP level 2. HP: 26/26 MP: 7/7
    93 | D:1      | Learned a level 2 spell: Blink
   798 | D:1      | Reached XP level 3. HP: 12/31 MP: 9/9
  1015 | D:1      | Reached skill level 5 in Spellcasting
  1284 | D:2      | Reached skill level 1 in Invocations
  1401 | D:2      | Found a shadowy altar of Dithmenos.
  1417 | D:2      | Reached skill level 1 in Short Blades
  1417 | D:2      | Reached skill level 1 in Long Blades
  1417 | D:2      | Reached skill level 1 in Axes
  1417 | D:2      | Reached skill level 1 in Maces & Flails
  1417 | D:2      | Reached skill level 1 in Staves
  1417 | D:2      | Reached skill level 1 in Slings
  1417 | D:2      | Reached skill level 1 in Bows
  1417 | D:2      | Reached skill level 1 in Crossbows
  1417 | D:2      | Reached skill level 1 in Stealth
  1417 | D:2      | Reached skill level 1 in Shields
  1417 | D:2      | Reached skill level 1 in Unarmed Combat
  1417 | D:2      | Reached skill level 1 in Evocations
  1484 | D:2      | Found a faded altar of an unknown god.
  1495 | D:2      | Reached XP level 4. HP: 27/38 MP: 11/11
  1895 | D:2      | Noticed a black bear
  1934 | D:2      | Slain by a black bear

Illustrated notes

Levels and vault maps discovered:
D:1:      mainiacjoe_arrival_reflecting_pool, layout_loops_ring
D:2:      layout_loops_ring, shapermc_ecumenical_altar_starsandcircs,
          basic_altar

Skill      XL: |  1  2  3 |
---------------+----------+-----
Spellcasting   | 5 |  5.0
Invocations    | 1 |  1.1
Short Blades   | 1 |  1.0
Long Blades    | 1 |  1.0
Axes           | 1 |  1.0
Maces & Flails | 1 |  1.0
Staves         | 1 |  1.0
Slings         | 1 |  1.0
Bows           | 1 |  1.0
Crossbows      | 1 |  1.0
Stealth        | 1 |  1.0
Shields        | 1 |  1.0
Unarmed Combat | 1 |  1.0
Evocations     | 1 |  1.0
Fighting       | |  4.6
Polearms       | |  4.6
Throwing       | |  2.7
Armour         | |  2.7
Dodging        | |  4.6
Conjurations   | |  0.8
Hexes          | |  0.8
Summonings     | |  0.8
Necromancy     | |  0.8
Translocations | |  5.4
Transmutations | |  0.8
Fire Magic     | |  0.8
Ice Magic      | |  0.8
Air Magic      | |  0.8
Earth Magic    | |  0.8
Poison Magic   | |  0.8

Action                   |  1- 3 |  4- 6 || total
-------------------------+-------+-------++-------
Melee: Spear             |   144 |    34 ||   178
       Bite              |    13 |     1 ||    14
       Punch             |     2 |     1 ||     3
Throw: Boomerang         |       |     5 ||     5
 Cast: Blink             |       |     3 ||     3
 Stab: Sleeping          |     1 |       ||     1
Armor: Leather armour    |     5 |       ||     5
       Ring mail         |    10 |     9 ||    19
Dodge: Dodged            |    65 |    22 ||    87
